 Dungeon Crawl Stone Soup version 5.4-101-gcf516dc (webtiles) character file.

2953 hellse the Slayer (level 25, -3/158 HPs) *CASUAL*
             Began as a Gargoyle Fighter on Mar 12, 2018.
             Was the Champion of Okawaru.
             Slain by an azure jelly (6 damage)
             ... created by the Royal Jelly
             ... on level 4 of the Pits of Slime.
             The game lasted 01:10:04 (29050 turns).

hellse the Slayer (Gargoyle Fighter)               Turns: 29050, Time: 01:10:05

Health: -3/158     AC: 42 (50%)Str: 33  XL:     25   Next: 96%
Magic:  0/19       EV: 15    Int: 18    God:    Okawaru [6*[179]]
Gold:   2480       SH: 28    Dex:  9    Spells: 12/40 levels left

rFire    . . .     SeeInvis .   R - +3 demon whip (venom)
rCold    . . .     Faith    .   k - +1 large shield {reflect}
rNeg     + . .     Spirit   +   l - +1 plate armour of Wuvinne {MR+}
rPois    ∞         Reflect  +   X - +0 helmet
rElec    +                      w - +0 cloak
rCorr    +                      V - +0 pair of gloves "Quep" {Str+4 Int+3}
MR       +++..                  o - +0 pair of boots
Stlth    ..........             u - amulet of guardian spirit
Regen    1.0/turn               L - ring of protection from magic
MPRegen  0.3/turn               S - ring "Baatwyggat" {rCorr Int+3}

@: flying, very slightly contaminated, regenerating, hasted, repel missiles,
spectral weapon, very quick
A: big wings, hooves 1, camouflage, deformed body, frail 1, low mp 1, negative
energy resistance 1, electricity resistance, unbreathing, petrification
resistance, no device heal 1, rot immunity, MP-powered wands, sturdy frame, AC
+19
}: 2/9 runes: serpentine, silver
a: Stop Flying, End Regeneration, Stop Singing, End Spectral Weapon, Stop
Repelling Missiles, Finesse, Renounce Religion


You were on level 4 of the Pits of Slime.
You worshipped Okawaru.
Okawaru was exalted by your worship.
You were not hungry.

You visited 5 branches of the dungeon, and saw 27 of its levels.
You visited the Abyss 1 time.
You also visited: Volcano.

You collected 4368 gold pieces.
You spent 1888 gold pieces at shops.

Inventory:

Hand Weapons
 R - a +3 demon whip of venom (weapon)
Armour
 k - a +1 large shield of reflection (worn)
 l - the +1 plate armour of Wuvinne (worn) {MR+}
   (You found it on level 3 of the Vaults)

   It affects your resistance to hostile enchantments.
 o - a +0 pair of boots (worn)
 q - a +2 scale mail of positive energy
 w - a +0 cloak (worn)
 A - +0 fire dragon scales
 N - +0 ice dragon scales
 O - a +3 scale mail of fire resistance
 V - the +0 pair of gloves "Quep" (worn) {Str+4 Int+3}
   (Okawaru gifted it to you on level 1 of the Snake Pit)

   It affects your strength (+4).
   It affects your intelligence (+3).
 X - a +0 helmet (worn)
Jewellery
 e - an uncursed ring of fire
 u - an amulet of guardian spirit (around neck)
 x - an uncursed ring of ice
 z - an uncursed amulet of regeneration
 G - an uncursed ring of protection from magic
 L - a ring of protection from magic (left hand)
 S - the ring "Baatwyggat" (right hand) {rCorr Int+3}
   (You took it off a vault sentinel on level 3 of the Vaults)

   [ring of resist corrosion]

   It affects your intelligence (+3).
 T - a +3 ring of evasion
 Z - an uncursed ring of fire
Wands
 v - a wand of paralysis (5)
 C - a wand of confusion (28)
 K - a wand of lightning (7)
 Q - a wand of iceblast (4)
 U - a wand of acid (14)
 W - a wand of disintegration (18)
Scrolls
 f - a scroll of holy word
 h - 6 scrolls of enchant weapon
 n - 2 scrolls of fog
 p - 2 scrolls of fear
 r - 3 scrolls of blinking
 s - 3 scrolls of enchant armour
 D - 8 scrolls of magic mapping
 J - 3 scrolls of teleportation
Potions
 b - 6 potions of lignification
 c - a potion of invisibility
 d - 6 potions of augmentation
 i - 5 potions of mutation
 m - 4 potions of heal wounds
 t - a potion of cancellation
 B - 4 potions of ambrosia
 H - 2 potions of resistance
 P - 3 potions of berserk rage
 Y - a potion of haste
Miscellaneous
 j - a phantom mirror
 y - a lamp of fire
 M - a phial of floods


   Skills:
 - Level 23.0(27) Fighting
 - Level 17.2(22.2) Maces & Staves
 - Level 16.1(21.1) Armour
 - Level 6.9(11.9) Dodging
 - Level 20.0(25.0) Shields
 - Level 8.0 Spellcasting
 - Level 5.6 Hexes
 + Level 12.3 Charms
 - Level 10.2 Summonings
 - Level 2.7 Necromancy
 - Level 10.2 Translocations
 - Level 5.5 Air Magic
 - Level 7.3 Invocations
 - Level 8.2 Evocations


You had 12 spell levels left.
You knew the following spells:

 Your Spells              Type           Power        Failure   Level  Hunger
a - Blink                 Tloc           N/A          1%          2    N/A
b - Song of Slaying       Chrm           51 (100)     1%          2    N/A
c - Regeneration          Chrm/Necr      34 (200)     2%          3    N/A
d - Repel Missiles        Chrm/Air       39 (100)     1%          2    N/A
e - Spectral Weapon       Chrm/Summ      47 (100)     4%          5    N/A
f - Passage of Golubria   Tloc           N/A          2%          4    N/A
g - Silence               Hex/Air        27 (200)     16%         4    N/A
h - Deflect Missiles      Chrm/Air       39 (200)     54%         6    N/A

Dungeon Overview and Level Annotations

Branches:
Dungeon (15/15) Snake (3/3) Orc:2 Slime (4/4) Orc:2 Vaults:3 Orc (2/2) D:15 Vaults (3/3) D:15 Snake:3 Depths (0/3) D:15 Vaults:3 Swamp: Orc:2 Shoals: Orc:2

Altars:
Cheibriados
Dithmenos
Elyvilon
Gozag
Jiyva
Kikubaaqudgha
Makhleb
Nemelex Xobeh
Okawaru
Qazlal
Ru
Sif Muna
Trog
Uskayaw
Vehumet
Wu Jian
Xom
Yredelemnul
Zin
The Shining One

Shops:
D:11 *   Orc:1 *}   Orc:2 [*((   Vaults:2 [   Vaults:3 ?!

Annotations:
Slime:4 Royal Jelly


Innate Abilities, Weirdness & Mutations

You are resistant to torment.
Your stone body is resilient. (AC +19)
You are immune to poison.
Your large and strong wings let you fly indefinitely.
You resist negative energy. (rN+)
You are resistant to electric shocks. (rElec)
You can survive without breathing.
You are immune to petrification.
You are immune to rotting.
You have large cloven feet.
Your skin blends seamlessly with your surroundings (Stealth+++).
Armour fits poorly on your strangely shaped body.
You are frail. (-10% HP)
Your magical capacity is low. (-10% MP)
Potions are less effective at restoring your health.
You expend magic power (3 MP) to strengthen your wands.
Your movements are less encumbered by armour. (ER -6)


Message History

The shining eye is lightly wounded.
You thrash the shining eye (21)!!
The shining eye looks as sick as possible!
The shining eye is heavily wounded.
You block the azure jelly's attack. x3
The azure jelly hits you but does no damage.
You whack the shining eye (13)!
The shining eye looks as sick as possible!
The shining eye is almost dead.
You draw out your weapon's spirit!
You thrash the shining eye (29)!!
You kill the shining eye!
Okawaru accepts your kill. The azure jelly hits you (1).
* * * LOW HITPOINT WARNING * * *
The azure jelly freezes you (29)!!
* * * LOW HITPOINT WARNING * * *
You block the azure jelly's attack. x3
You closely miss the azure jelly. You block the azure jelly's attack. x2
The azure jelly hits you (6).
You die...

#................##
##................##
#..................#
#.................##
##................JJ#
##...................§
#...(...............J#
#.....J.......J....J##
#....@J..............
#....................
##.................J.
#..................
###..............
#.......... #.........
#.........


You could see 2 azure jellies and a friendly spectral demon whip of venom.

Vanquished Creatures
  Nikola (Snake:3)
  7 liches
  Asterion (Snake:3)
  2 sphinxes (Vaults:3)
  4 titans (Vaults:3)
  12 acid blobs
  A tentacled starspawn (Abyss:1)
  A tentacled monstrosity (Vaults:3)
  3 shadow dragons (Vaults:3)
  3 storm dragons (Vaults:3)
  Kirke (D:12)
  Roxanne (Snake:1)
  7 tengu reavers (Vaults:3)
  Donald (Vaults:2)
  3 azure jellies
  9 fire giants
  8 greater nagas
  9 frost giants
  13 vault wardens
  An orc warlord (Vaults:3)
  An imperial myrmidon (Vaults:3)
  A reaper (Abyss:1)
  5 ironheart preservers
  7 stone giants
  8 very ugly things
  7 war gargoyles
  An entropy weaver (shapeshifter) (Vaults:3)
  Nessos (D:13)
  2 ettins
  A crystal guardian (Vaults:3)
  A death ooze (Slime:3)
  4 fire dragons
  11 yaktaur captains
  4 great orbs of eyes
  An ice dragon (Vaults:2)
  4 hydras
  5 anacondas
  34 vault guards
  4 rakshasas
  9 centaur warriors
  A death knight (D:14)
  15 naga warriors
  3 ogre magi
  18 two-headed ogres
  4 tengu warriors (D:14)
  An orc high priest (D:12)
  A satyr (shapeshifter) (Vaults:3)
  3 death yaks (D:15)
  4 shock serpents
  18 naga sharpshooters
  2 hell knights
  2 deep elf knights (Vaults:3)
  A wretched star (Abyss:1)
  A soul eater (Abyss:1)
  4 salamander mystics
  A sixfirhy (Abyss:1)
  A skeletal warrior (D:14)
  3 unseen horrors
  3 shadow wraiths
  3 sea snakes
  5 deep trolls
  A flayed ghost (Vaults:1)
  5 naga ritualists
  A wizard (D:9)
  14 ironbrand convokers
  5 mana vipers
  A phantasmal warrior (Vaults:3)
  5 harpies (Vaults:2)
  A wolf spider zombie (D:14)
  A mana viper (shapeshifter) (Vaults:2)
  5 orc knights
  Pikel (D:6)
  2 hornets (Vaults:2)
  An orc sorcerer (Orc:2)
  8 cyclopes
  7 deep elf magi
  5 shining eyes
  36 ugly things
  A manticore (D:15)
  A moth of wrath (shapeshifter) (Vaults:2)
  12 salamanders
  10 starcursed masses (Abyss:1)
  4 centaur zombies
  21 black mambas
  7 guardian serpents
  14 vault sentinels
  13 naga magi
  An apocalypse crab (Abyss:1)
  Psyche (D:10)
  An orb spider (shapeshifter) (Vaults:2)
  2 gargoyles
  3 spiny frogs
  An orange demon (D:12)
  An efreet (D:14)
  An eye of devastation (Slime:3)
  4 freezing wraiths
  2 rime drakes
  25 yaktaurs
  A hellwing (Abyss:1)
  3 tengu conjurers (D:14)
  A demonic crawler (Abyss:1)
  4 ancient zymes (Abyss:1)
  11 trolls
  A jumping spider (shapeshifter) (Vaults:2)
  A meliai (shapeshifter) (Vaults:2)
  Grinder (D:6)
  38 slime creatures
  A dream sheep (shapeshifter) (Vaults:3)
  5 blink frogs
  A raiju (shapeshifter) (Vaults:2)
  A shadow (D:14)
  Sigmund (D:6)
  6 wraiths
  A black mamba skeleton (D:12)
  2 vampires
  A water elemental (D:11)
  5 wyverns
  A fire elemental (D:14)
  4 hogs
  11 yaks
  16 large abominations
  A fire bat (Volcano)
  12 golden eyes
  A human (shapeshifter) (Vaults:3)
  3 angry ghosts
  A chaos spawn (Abyss:1)
  2 neqoxecs (Abyss:1)
  3 wargs
  3 acid dragons
  51 nagas
  5 water moccasins
  13 small abominations
  10 ice beasts
  2 wasps
  26 orc warriors
  A slave (D:6)
  5 eyes of draining
  32 ogres
  2 wolves (D:8)
  24 centaurs
  A blink frog skeleton (D:9)
  Blork the orc (D:4)
  A rime drake skeleton (D:8)
  2 wyvern zombies
  3 wyvern skeletons
  5 scorpions
  5 killer bees (D:8)
  5 crimson imps
  5 wights
  4 howler monkeys
  7 electric eels (D:11)
  A wasp zombie (D:9)
  A bullfrog zombie (D:5)
  4 hounds
  A wyvern simulacrum (D:8)
  2 quasits
  12 orc priests
  22 orc wizards
  4 jellies
  An iron imp (Abyss:1)
  4 gnoll shamans
  7 centaur skeletons
  3 worker ants
  2 iguanas
  2 killer bee zombies
  A hound skeleton (D:5)
  10 gnolls
  3 adders
  5 shadow imps
  An ufetubus (D:8)
  3 oozes (Orc:2)
  An adder skeleton (D:3)
  4 dart slugs
  63 orcs
  5 quokkas
  4 bats
  3 giant cockroaches
  5 goblins
  3 hobgoblins
  11 jackals
  13 kobolds
  A ball python (D:2)
  6 frilled lizards
  A jackal skeleton (D:4)
  10 rats
  A lurking horror (Abyss:1)
  A starspawn tentacle (Abyss:1)
1091 creatures vanquished.

Vanquished Creatures (others)
  Vashnia (Snake:3)
  A centaur warrior (Vaults:3)
  A naga sharpshooter (Snake:3)
  A deep elf archer (Vaults:1)
  2 yaktaurs (Vaults:3)
  A hog (Volcano)
  3 fungi (D:14)
  2 plants (D:11)
  12 spectral weapons
  A starspawn tentacle (Abyss:1)
25 creatures vanquished.

Grand Total: 1116 creatures vanquished

Notes
Turn   | Place    | Note
-------+----------+-------------------------------------------
     0 | D:1      | hellse the Gargoyle Fighter began the quest for the Orb.
     0 | D:1      | Reached XP level 1. HP: 14/14 MP: 1/1
    75 | D:1      | Reached XP level 2. HP: 15/19 MP: 2/2
   326 | D:1      | Reached XP level 3. HP: 23/23 MP: 3/3
   640 | D:1      | Reached XP level 4. HP: 26/28 MP: 4/4
   915 | D:1      | Gained mutation: Your spells are a little harder to cast, but a little more powerful. [mutagenic hatch]
  1114 | D:2      | Found a shimmering altar of Xom.
  1168 | D:2      | Found a hide-covered altar of Uskayaw.
  1186 | D:2      | Reached skill level 5 in Maces & Staves
  1187 | D:2      | Found a sacrificial altar of Ru.
  1199 | D:2      | Reached XP level 5. HP: 31/32 MP: 5/5
  1217 | D:2      | Found a white marble altar of Elyvilon.
  1533 | D:2      | Found a burning altar of Makhleb.
  1661 | D:3      | Reached XP level 6. HP: 35/37 MP: 6/6
  2082 | D:3      | Reached XP level 7. HP: 21/41 MP: 7/7
  2671 | D:3      | Reached skill level 4 in Fighting
  2708 | D:3      | Found a glowing golden altar of the Shining One.
  2854 | D:3      | Gained mutation: You are robust. (+10% HP) [mutagenic hatch]
  2888 | D:4      | Reached skill level 5 in Fighting
  2888 | D:4      | Reached XP level 8. HP: 31/53 MP: 5/8
  3104 | D:4      | Learned a level 2 spell: Blink
  3158 | D:4      | Reached skill level 6 in Fighting
  3161 | D:4      | Noticed Blork the orc
  3170 | D:4      | Killed Blork the orc
  3175 | D:4      | Reached skill level 7 in Fighting
  3215 | D:4      | Found a snail-covered altar of Cheibriados.
  3230 | D:4      | Found an opulent altar of Gozag.
  3444 | D:5      | Entered Level 5 of the Dungeon
  3447 | D:5      | Found an iron altar of Okawaru.
  3455 | D:5      | Became a worshipper of Warmaster Okawaru
  3490 | D:5      | Reached skill level 8 in Fighting
  3523 | D:5      | Reached skill level 9 in Fighting
  3535 | D:5      | Found a shadowy altar of Dithmenos.
  3580 | D:5      | Reached * piety under Okawaru
  3580 | D:5      | Reached XP level 9. HP: 66/66 MP: 9/9
  3684 | D:5      | Found a bloodstained altar of Trog.
  4173 | D:5      | Reached skill level 10 in Maces & Staves
  4384 | D:5      | Found a radiant altar of Vehumet.
  4704 | D:6      | Reached XP level 10. HP: 65/72 MP: 10/10
  4733 | D:6      | Noticed Sigmund
  4744 | D:6      | Killed Sigmund
  4744 | D:6      | Reached ** piety under Okawaru
  4760 | D:6      | Noticed Pikel
  4777 | D:6      | Killed Pikel
  4939 | D:6      | Noticed Grinder
  4957 | D:6      | Killed Grinder
  4973 | D:6      | Found a deep blue altar of Sif Muna.
  5035 | D:6      | Found a viscous altar of Jiyva.
  5044 | D:6      | Found an ancient bone altar of Kikubaaqudgha.
  5300 | D:6      | Found a basalt altar of Yredelemnul.
  5512 | D:7      | Found an ornate altar of the Wu Jian Council.
  5520 | D:7      | Reached skill level 10 in Fighting
  5729 | D:7      | Found a stormy altar of Qazlal.
  5832 | D:7      | Reached skill level 11 in Fighting
  5912 | D:7      | Found a sparkling altar of Nemelex Xobeh.
  6038 | D:7      | Found a glowing silver altar of Zin.
  6092 | D:7      | Reached XP level 11. HP: 78/81 MP: 11/11
  6186 | D:8      | Reached skill level 12 in Fighting
  6232 | D:8      | Reached *** piety under Okawaru
  6377 | D:8      | Reached skill level 5 in Armour
  7024 | D:9      | Noticed a wizard
  7038 | D:9      | Killed a wizard
  7038 | D:9      | Reached **** piety under Okawaru
  7188 | D:9      | Reached skill level 10 in Shields
  7188 | D:9      | Reached XP level 12. HP: 21/89 MP: 6/12
  7680 | D:9      | Reached skill level 13 in Fighting
  7982 | D:9      | Noticed a two-headed ogre
  7991 | D:9      | Killed a two-headed ogre
  7991 | D:9      | Received a gift from Okawaru
  8264 | D:9      | Reached skill level 14 in Fighting
  8905 | D:9      | Gained mutation: Your skin blends seamlessly with your surroundings (Stealth+++). [mutagenic hatch]
  8905 | D:10     | Entered Level 10 of the Dungeon
  8918 | D:10     | Received a gift from Okawaru
  8990 | D:10     | Noticed Psyche
  9008 | D:10     | Killed Psyche
  9351 | D:10     | Learned a level 2 spell: Song of Slaying
  9355 | D:10     | Learned a level 3 spell: Regeneration
  9646 | D:11     | Noticed a two-headed ogre
  9658 | D:11     | Killed a two-headed ogre
  9663 | D:11     | Reached XP level 13. HP: 85/100 MP: 13/13
  9723 | D:11     | Found Teulangi's Blasphemy Boutique.
  9725 | D:11     | Found a basalt altar of Yredelemnul.
  9850 | D:11     | Found a dark tunnel.
  9855 | Volcano  | Entered a volcano
  9940 | Volcano  | Reached skill level 1 in Dodging
 10322 | D:11     | Reached ***** piety under Okawaru
 10322 | D:11     | Reached skill level 1 in Invocations
 10551 | D:11     | Reached skill level 5 in Invocations
 11126 | D:12     | Reached skill level 10 in Armour
 11156 | D:12     | Received a gift from Okawaru
 11156 | D:12     | Gained mutation: Your large and strong wings let you fly indefinitely. [Gargoyle growth]
 11156 | D:12     | Reached XP level 14. HP: 105/105 MP: 19/19
 11291 | D:12     | Noticed Kirke
 11318 | D:12     | Killed Kirke
 11318 | D:12     | Reached ****** piety under Okawaru
 11478 | D:12     | Reached skill level 15 in Fighting
 11750 | D:12     | Reached skill level 16 in Fighting
 12033 | D:13     | Reached XP level 15. HP: 48/115 MP: 11/20
 12471 | D:13     | Reached skill level 17 in Fighting
 12681 | D:13     | Noticed Nessos
 12696 | D:13     | Killed Nessos
 12696 | D:13     | Received a gift from Okawaru
 12986 | D:13     | Gained mutation: Your movements are less encumbered by armour. (ER -6) [mutagenic hatch]
 13177 | D:14     | Reached skill level 18 in Fighting
 13566 | D:14     | Reached skill level 15 in Armour
 13566 | D:14     | Reached XP level 16. HP: 116/125 MP: 21/21
 13898 | D:14     | Received a gift from Okawaru
 14077 | D:14     | Found a deep blue altar of Sif Muna.
 14312 | D:14     | Gained mutation: You have large cloven feet. [mutagenic hatch]
 14312 | D:15     | Entered Level 15 of the Dungeon
 14368 | D:15     | Reached skill level 1 in Evocations
 14521 | D:15     | Found a staircase to the Orcish Mines.
 14644 | D:15     | Found a staircase to the Depths.
 14942 | D:15     | Reached skill level 5 in Evocations
 15074 | D:15     | Found a burning altar of Makhleb.
 15328 | D:15     | Found a gate to the Vaults.
 15377 | D:15     | Reached XP level 17. HP: 127/132 MP: 22/22
 15850 | Orc:1    | Entered Level 1 of the Orcish Mines
 15856 | Orc:1    | Received a gift from Okawaru
 15857 | Orc:1    | Got the +7 hand axe of Okawaru's Regard {flame, Fragile rElec rPois Stlth+}
 15873 | Orc:1    | Found Raifom's Gadget Shop.
 16224 | Orc:1    | Found Hitaewon's General Store.
 16241 | Orc:1    | Bought a scroll of acquirement for 832 gold pieces
 16329 | Orc:2    | Entered Level 2 of the Orcish Mines
 16329 | Orc:2    | Found a staircase to the Snake Pit.
 16822 | Orc:2    | Found Juruy's Assorted Antiques.
 16823 | Orc:2    | Found Eheat's Antique Weapon Emporium.
 16828 | Orc:2    | Found Kiumpec's Antique Armour Emporium.
 16830 | Orc:2    | Found Xuvug's Weapon Shoppe.
 16995 | Orc:2    | Found a runed door.
 16999 | Orc:2    | Found a viscous altar of Jiyva.
 17002 | Orc:2    | Found a staircase to the Slime Pits.
 17526 | Snake:1  | Entered Level 1 of the Snake Pit
 17526 | Snake:1  | Noticed Roxanne
 17541 | Snake:1  | Received a gift from Okawaru
 17541 | Snake:1  | Reached XP level 18. HP: 138/138 MP: 24/24
 17542 | Snake:1  | Got the +0 pair of gloves "Quep" {Str+4 Int+3}
 17550 | Snake:1  | Reached skill level 15 in Shields
 17794 | Snake:1  | Found a white marble altar of Elyvilon.
 18237 | Snake:1  | Killed Roxanne
 18281 | Snake:1  | Lost mutation: You are robust. (+10% HP) [mutagenic hatch]
 18584 | Snake:2  | Reached skill level 1 in Spellcasting
 18587 | Snake:2  | Reached skill level 1 in Charms
 18587 | Snake:2  | Reached skill level 1 in Necromancy
 19264 | Snake:2  | Reached XP level 19. HP: 118/132 MP: 22/25
 19440 | Snake:2  | Reached skill level 5 in Charms
 19995 | Snake:3  | Entered Level 3 of the Snake Pit
 20285 | Snake:3  | Noticed Asterion
 20304 | Snake:3  | Killed Asterion
 20380 | Snake:3  | Reached skill level 10 in Charms
 20419 | Snake:3  | Noticed Nikola
 20440 | Snake:3  | Killed Nikola
 20440 | Snake:3  | Received a gift from Okawaru
 20536 | Snake:3  | Reached XP level 20. HP: 137/137 MP: 21/21
 20589 | Snake:3  | Noticed Vashnia
 20642 | Snake:3  | Killed Vashnia
 20764 | Snake:3  | Received a gift from Okawaru
 20899 | Snake:3  | Found a gate to the Vaults.
 20916 | Snake:3  | Got a serpentine rune of Zot
 21007 | Snake:3  | Reached skill level 19 in Fighting
 21258 | Vaults:1 | Entered Level 1 of the Vaults
 21353 | Vaults:1 | Reached skill level 20 in Fighting
 21356 | Vaults:1 | Reached XP level 21. HP: 146/146 MP: 22/22
 21440 | Vaults:1 | Learned a level 2 spell: Repel Missiles
 21447 | Vaults:1 | Learned a level 5 spell: Spectral Weapon
 22020 | Vaults:1 | Reached skill level 21 in Fighting
 22512 | Vaults:2 | Reached skill level 15 in Maces & Staves
 22520 | Vaults:2 | Received a gift from Okawaru
 22699 | Vaults:2 | Reached XP level 22. HP: 154/155 MP: 21/21
 22716 | Vaults:2 | Reached skill level 5 in Dodging
 22808 | Vaults:2 | Noticed Donald
 22816 | Vaults:2 | Killed Donald
 23325 | Vaults:2 | Found Vorhacoe's Antique Armour Shop.
 23610 | Vaults:3 | Entered Level 3 of the Vaults
 23610 | Vaults:3 | Found a staircase to the Depths.
 23610 | Vaults:3 | Found a staircase to the Slime Pits.
 23640 | Vaults:3 | Cast into level 1 of the Abyss (a lich)
 24101 | Abyss:1  | Found a corrupted altar of Lugonu.
 24270 | Abyss:1  | Found a corrupted altar of Lugonu.
 24294 | Abyss:1  | Gained mutation: You expend magic power (3 MP) to strengthen your wands. [a wretched star]
 24301 | Abyss:1  | Gained mutation: Potions are less effective at restoring your health. [a wretched star]
 24769 | Vaults:3 | Escaped the Abyss
 24777 | Vaults:3 | Reached skill level 1 in Translocations
 24791 | Vaults:3 | Received a gift from Okawaru
 24824 | Vaults:3 | Reached skill level 5 in Translocations
 24921 | Vaults:3 | Reached XP level 23. HP: 111/160 MP: 1/22
 24956 | Vaults:3 | Reached skill level 10 in Translocations
 25134 | Vaults:3 | Reached skill level 22 in Fighting
 25252 | Vaults:3 | Reached skill level 23 in Fighting
 25354 | Vaults:3 | Found Jowkyo's Magic Scroll Boutique.
 25558 | Vaults:3 | Bought a scroll of teleportation for 48 gold pieces
 25558 | Vaults:3 | Bought a scroll of teleportation for 48 gold pieces
 25558 | Vaults:3 | Bought a scroll of teleportation for 48 gold pieces
 25558 | Vaults:3 | Bought a scroll of enchant weapon for 120 gold pieces
 25579 | Vaults:3 | Received a gift from Okawaru
 25579 | Vaults:3 | Reached XP level 24. HP: 171/171 MP: 22/22
 25739 | Vaults:3 | Reached skill level 1 in Summonings
 25960 | Vaults:3 | Reached skill level 5 in Summonings
 26090 | Vaults:3 | Got the ring "Baatwyggat" {rCorr Int+3}
 26180 | Vaults:3 | Reached skill level 5 in Spellcasting
 26455 | Vaults:3 | Identified the +7 hand axe of Kehoff {flame, +Rage rPois rN+}
 26518 | Vaults:3 | Reached XP level 25. HP: 165/176 MP: 20/22
 26663 | Vaults:3 | Got a silver rune of Zot
 26882 | Vaults:3 | Reached skill level 10 in Summonings
 26993 | Vaults:3 | Learned a level 4 spell: Passage of Golubria
 26995 | Vaults:3 | Found Wezoz's Distillery.
 27020 | Vaults:3 | Learned a level 4 spell: Silence
 27064 | Vaults:3 | Got Udauss's Compendium of Frigorific Curses
 27243 | Vaults:3 | Learned a level 6 spell: Deflect Missiles
 27316 | Vaults:3 | Got the +1 plate armour of Wuvinne {MR+}
 27319 | Vaults:3 | Bought a potion of augmentation for 80 gold pieces
 27319 | Vaults:3 | Bought a potion of heal wounds for 80 gold pieces
 27319 | Vaults:3 | Bought a potion of augmentation for 80 gold pieces
 27355 | Vaults:3 | Bought a scroll of magic mapping for 56 gold pieces
 27355 | Vaults:3 | Bought a scroll of blinking for 120 gold pieces
 27355 | Vaults:3 | Bought a scroll of magic mapping for 56 gold pieces
 27391 | Vaults:3 | Bought a potion of haste for 160 gold pieces
 27391 | Vaults:3 | Bought a potion of haste for 160 gold pieces
 27429 | Vaults:3 | Got the +11 mace of Fedec {holy, +Blink rF+ MP-9 Dex+4}
 27434 | Slime:1  | Entered Level 1 of the Pits of Slime
 27443 | Slime:1  | Reached skill level 1 in Hexes
 27468 | Slime:1  | Gained mutation: Your magical capacity is low. (-10% MP) [a shining eye]
 27600 | Slime:1  | Reached skill level 5 in Hexes
 27628 | Slime:1  | Found a viscous altar of Jiyva.
 27919 | Slime:2  | Gained mutation: Armour fits poorly on your strangely shaped body. [a shining eye]
 28065 | Slime:2  | Received a gift from Okawaru
 28066 | Slime:2  | Got the +5 flail "Utoimyca" {crush, Str+5}
 28359 | Slime:3  | Reached skill level 5 in Air Magic
 28845 | Slime:4  | Entered Level 4 of the Pits of Slime
 28966 | Slime:4  | Noticed the Royal Jelly
 29029 | Slime:4  | Lost mutation: Your spells are a little harder to cast, but a little more powerful. [a shining eye]
 29031 | Slime:4  | Gained mutation: You are frail. (-10% HP) [a shining eye]
 29049 | Slime:4  | HP: 2/158 [azure jelly[the Royal Jelly] (25)]
 29050 | Slime:4  | Slain by an azure jelly

Skill      XL: |  1  2  3  4  5  6  7  8  9 10 11 12 13 14 15 16 17 18 19 20 21 22 23 24 25 |
---------------+----------------------------------------------------------------------------+-----
Maces & Staves | 3 4 5 6 7 8 11 12 13 15 16 17 | 17.2
Fighting       | 5 9 11 12 14 16 18 20 21 23 | 23.0
Armour         | 4 5 6 10 12 15 16 | 16.1
Shields        | 6 10 14 17 18 20 | 20.0
Dodging        | 3 4 6 |  6.9
Invocations    | 7 |  7.3
Evocations     | 7 8 |  8.2
Spellcasting   | 3 8 |  8.0
Charms         | 3 10 12 | 12.3
Necromancy     | 2 |  2.7
Translocations | 9 10 | 10.2
Summonings     | 8 10 | 10.2
Hexes          | 5 |  5.6
Air Magic      | 5 |  5.5

Action                   |  1- 3 |  4- 6 |  7- 9 | 10-12 | 13-15 | 16-18 | 19-21 | 22-24 | 25-27 || total
-------------------------+-------+-------+-------+-------+-------+-------+-------+-------+-------++-------
Melee: Flail             |    79 |   169 |   293 |   101 |       |       |       |       |       ||   642
       Mace              |       |       |       |   605 |       |       |       |       |       ||   605
       Morningstar       |       |       |       |    24 |   190 |       |       |       |       ||   214
       Demon whip        |       |       |       |       |   475 |  1188 |   966 |  1288 |   319 ||  4236
 Cast: Regeneration      |       |       |       |       |       |       |     1 |       |       ||     1
       Song of Slaying   |       |       |       |       |       |       |     1 |       |       ||     1
       Repel Missiles    |       |       |       |       |       |       |     1 |       |       ||     1
       Blink             |       |       |       |       |       |       |       |     1 |       ||     1
       Spectral Weapon   |       |       |       |       |       |       |       |     1 |       ||     1
Invok: Finesse           |       |       |       |       |       |     1 |       |     3 |     1 ||     5
 Abil: Fly               |       |       |       |       |       |     1 |       |       |       ||     1
Evoke: Wand              |       |       |       |     1 |       |       |       |       |       ||     1
       Phial of floods   |       |       |       |       |     1 |       |       |       |       ||     1
  Use: Potion            |       |     1 |       |     1 |       |       |     1 |     2 |     6 ||    11
       Scroll            |       |       |       |     1 |       |     1 |       |     1 |     6 ||     9
 Stab: Confused          |       |       |       |     1 |       |       |       |       |       ||     1
       Sleeping          |       |       |       |       |     2 |     7 |     2 |     1 |       ||    12
       Distracted        |       |       |       |       |       |       |       |     2 |     5 ||     7
Armor: Scale mail        |    52 |    92 |   118 |    67 |   179 |   225 |   161 |    19 |       ||   913
       Chain mail        |       |       |       |   154 |     7 |       |       |       |       ||   161
       Plate armour      |       |       |       |     5 |       |       |       |       |    61 ||    66
       Fire dragon scale |       |       |       |       |       |       |       |   195 |     9 ||   204
Dodge: Dodged            |    32 |    46 |    62 |   158 |   210 |   217 |   160 |   198 |    39 ||  1122
       Deflected         |       |       |       |       |       |       |     1 |     8 |     5 ||    14
Block: Shield            |    51 |    83 |   105 |   329 |   308 |   238 |       |       |       ||  1114
       Large shield      |       |       |       |       |       |   366 |   820 |   881 |   184 ||  2251
       Reflection        |       |       |       |       |       |       |    80 |    60 |    13 ||   153
